 Dungeon Crawl Stone Soup version 0.23.2-33-g5129a83 (webtiles) character file.

Game seed: 9707280539431906769

24768 Fortress the Cruncher (level 12, -8/116 HPs)
             Began as a Deep Dwarf Berserker on July 1, 2019.
             Was a High Priest of Trog.
             Mangled by a seven-headed hydra (11 damage)
             ... on level 3 of the Lair of Beasts.
             The game lasted 01:25:38 (10004 turns).

Fortress the Cruncher (Deep Dwarf Berserker)       Turns: 10004, Time: 01:25:38

Health: -8/116     AC: 18    Str: 24    XL:     12   Next: 83%
Magic:  5/5        EV: 10    Int: 10    God:    Trog [*****.]
Gold:   648        SH:  0    Dex: 12    Spells: 11/11 levels left

rFire    . . .     SeeInvis .   O - +5 great mace (protect)
rCold    + . .     Gourm    .   (shield currently unavailable)
rNeg     . . .     Faith    .   V - +1 chain mail {rC+}
rPois    +         Spirit   .   H - +0 helmet
rElec    .         Reflect  .   q - +1 cloak
rCorr    .         Harm     .   h - +0 pair of gloves
MR       +++..                  (no boots)
Stlth    ..........             (no amulet)
HPRegen  1.00/turn              P - ring of poison resistance
MPRegen  0.09/turn              (no ring)

@: lethally poisoned (-8 -> -8), non-regenerating
A: damage resistance, heal wounds, sense surroundings 2, no regeneration
a: Heal Wounds, Berserk, Trog's Hand, Brothers in Arms, Renounce Religion


You were on level 3 of the Lair of Beasts.
You worshipped Trog.
Trog was extremely pleased with you.
You were not hungry.

You visited 3 branches of the dungeon, and saw 15 of its levels.
You also visited: Sewer.

You collected 648 gold pieces.

Inventory:

Hand Weapons
 p - a +5 quarterstaff of chaos
 u - a +0 blowgun
 y - a +2 dagger of protection
 O - a +5 great mace of protection (weapon)
 S - a +2 antimagic lajatang
 U - the +8 whip "Snakebite" {curare, rPois}
   (You found it on level 1 of the Lair of Beasts)

   It poisons the flesh of those it strikes.
   It protects you from poison.
Missiles
 f - 248 stones (quivered)
 r - 86 sling bullets
 s - 4 curare-tipped needles
 t - 37 poisoned needles
Armour
 h - a +0 pair of gloves (worn)
 q - a +1 cloak (worn)
 H - a +0 helmet (worn)
 J - a +0 large shield
 V - a +1 chain mail of cold resistance (worn)
Jewellery
 v - an uncursed amulet of guardian spirit
 P - a ring of poison resistance (left hand)
 Q - an uncursed ring of ice
Wands
 a - a wand of iceblast (18)
 g - a wand of disintegration (12)
 G - a wand of flame (30)
 K - a wand of digging (8)
 L - a wand of polymorph (12)
 N - a wand of enslavement (5)
Scrolls
 b - 4 scrolls of magic mapping
 d - 4 scrolls of identify
 j - 3 scrolls of fear
 m - 11 scrolls of teleportation
 o - 2 scrolls of fog
 C - a scroll of remove curse
 D - 3 scrolls of enchant weapon
 T - a scroll of blinking
Potions
 e - 8 potions of curing
 i - 2 potions of magic
 k - 3 potions of flight
 l - a potion of degeneration {unknown}
 n - 3 potions of resistance {unknown}
 w - 2 potions of haste
 x - 4 potions of lignification {unknown}
 z - 3 potions of might
 A - 11 potions of brilliance
 B - 7 potions of heal wounds
 E - 7 potions of agility
 F - 4 potions of mutation
 I - 3 potions of invisibility {unknown}
 M - 3 potions of cancellation {unknown}
Comestibles
 c - 28 rations


   Skills:
 + Level 9.9 Fighting
   Level 4.4(5.2) Axes
 + Level 3.5(10.8) Maces & Flails
 + Level 13.6(13.8) Staves
 - Level 11.6 Armour
 - Level 3.0 Dodging
 - Level 0.6 Stealth


You had 11 spell levels left.
You didn't know any spells.
Your spell library was empty.

Dungeon Overview and Level Annotations

Branches:
Dungeon (11/15)            Temple (1/1) D:4            Lair (3/6) D:11
 Spider (0/4) Lair:3
  Swamp: Lair:2-4    Shoals: Lair:2-4       Orc: D:9-12

Altars:
Ashenzari
Cheibriados
Dithmenos
Elyvilon
Fedhas
Gozag
Hepliaklqana
Kikubaaqudgha
Makhleb
Nemelex Xobeh
Okawaru
Qazlal
Ru
Sif Muna
Trog
Uskayaw
Vehumet
Wu Jian
Xom
Yredelemnul
Zin
The Shining One

Shops:
D:8 }   D:9 :

Portals:
Trove: D:10 (give +4 shadow dragon scales)


Innate Abilities, Weirdness & Mutations

You are resistant to damage.
You can heal yourself by infusing magical energy.
You passively map the area around you.
You do not regenerate.


Message History

The seven-headed hydra bites you but does no damage. x3
You climb downwards.
There is a stone staircase leading up, spattered with blood here.
You feel much better. The black mamba bites you!
* * * LOW HITPOINT WARNING * * *
You are poisoned.
The black mamba poisons you! The komodo dragon bites you!!
* * * LOW HITPOINT WARNING * * *
The black mamba bites you!
* * * LOW HITPOINT WARNING * * *
The seven-headed hydra bites you but does no damage.
The seven-headed hydra bites you.
* * * LOW HITPOINT WARNING * * *
The seven-headed hydra barely misses you.
The seven-headed hydra closely misses you.
The seven-headed hydra bites you.
* * * LOW HITPOINT WARNING * * *
The seven-headed hydra bites you but does no damage.
The seven-headed hydra bites you!
You die...

, * * ,, , ,** * *,
* * ,
..#*#......###.*
....##....#..... ,
* #.............$.
*
**#..#..≈≈≈≈≈≈....
, * ,*
#...≈≈≈≈≈≈≈≈..# ,
,, #..≈≈≈≈≈≈≈≈≈.#
#.≈≈≈D.≈≈≈≈≈# * , *
##.≈≈≈.@S≈≈≈≈#. , ,
, #..≈≈≈≈l≈≈≈≈... ,
...≈≈≈≈≈≈≈≈≈≈..., ,
....≈≈≈≈≈≈≈≈≈... ,
* *,
.....≈≈≈≈≈≈≈.... ,
* * **
.............#.., *
,,,#...............
, ,
##.....#....P...
##$...........( , ,


You could see a seven-headed hydra, a komodo dragon and a black mamba.

Vanquished Creatures
  Gastronok (D:8)
  Fannar (D:10)
  2 hydras
  A catoblepas (Lair:3)
  Erica (D:10)
  2 two-headed ogres
  Urug (D:10)
  An unseen horror (D:11)
  2 ugly things (D:11)
  A manticore (D:11)
  2 cyclopes
  2 komodo dragons (Lair:1)
  A rime drake (Lair:1)
  A queen bee (D:9)
  2 trolls
  2 hippogriffs
  2 dream sheep (D:8)
  A redback (D:7)
  3 basilisks (D:11)
  25 yaks
  3 hungry ghosts
  An acid dragon (D:11)
  5 porcupines
  7 water moccasins (Lair:1)
  3 orc warriors
  3 ice beasts
  2 black bears
  4 sky beasts
  A phantom (D:4)
  3 ogres
  3 centaurs
  A crocodile (D:11)
  7 big kobolds
  Blork the orc (D:5)
  13 bullfrogs
  3 scorpions
  30 killer bees
  5 howler monkeys
  9 wights
  4 jellies
  2 electric eels (D:10)
  4 crimson imps
  2 centaur zombies
  A bullfrog zombie (D:7)
  A quasit (D:11)
  3 hounds
  Crazy Yiuf (D:2)
  A gnoll shaman (D:4)
  5 orc priests
  8 orc wizards
  2 bullfrog skeletons
  A centaur skeleton (D:8)
  2 iguanas
  7 worker ants
  3 hound skeletons
  15 gnolls
  22 adders
  8 river rats
  3 shadow imps
  An ooze (Sewer)
  3 worms
  3 dart slugs
  7 leopard geckos
  33 orcs
  6 giant cockroaches
  10 goblins
  3 hobgoblins
  13 jackals
  32 kobolds
  8 quokkas
  13 ball pythons
  4 bats
  9 frilled lizards
  A leopard gecko skeleton (D:4)
  31 rats
430 creatures vanquished.

Vanquished Creatures (collateral kills)
  A frilled lizard (Sewer)
  A rat (Sewer)
2 creatures vanquished.

Vanquished Creatures (others)
  A wraith (D:11)
  A yak (D:11)
  An orc (D:11)
  4 bushes (D:11)
  4 fungi
  10 plants (D:11)
21 creatures vanquished.

Grand Total: 453 creatures vanquished

Notes
Turn   | Place    | Note
-------+----------+-------------------------------------------
     0 | D:1      | Fortress the Deep Dwarf Berserker began the quest for the
                  | Orb.
     0 | D:1      | Reached XP level 1. HP: 20/20 MP: 1/1
   132 | D:1      | Reached XP level 2. HP: 18/27 MP: 2/2
   456 | D:1      | Reached ** piety under Trog
   712 | D:1      | Reached XP level 3. HP: 26/34 MP: 3/3
   994 | D:2      | Found a white marble altar of Elyvilon.
  1678 | D:2      | Found a runed translucent door.
  1679 | D:2      | Noticed Crazy Yiuf
  1688 | D:2      | Killed Crazy Yiuf
  1688 | D:2      | Reached XP level 4. HP: 34/42 MP: 4/4
  1838 | D:3      | Reached XP level 5. HP: 29/49 MP: 5/5
  1860 | D:3      | Found a glowing drain.
  1874 | Sewer    | Entered a sewer
  1895 | Sewer    | Reached *** piety under Trog
  1903 | Sewer    | Reached skill level 1 in Staves
  2067 | Sewer    | Reached skill level 2 in Staves
  2086 | Sewer    | Reached XP level 6. HP: 51/57 MP: 6/6
  2164 | Sewer    | Reached **** piety under Trog
  2174 | Sewer    | Reached skill level 3 in Staves
  2593 | D:3      | Received a gift from Trog
  2649 | D:3      | Found a stormy altar of Qazlal.
  2650 | D:3      | Found an ornate altar of the Wu Jian Council.
  2651 | D:3      | Found an opulent altar of Gozag.
  2751 | D:3      | Reached XP level 7. HP: 43/64 MP: 7/7
  2885 | D:4      | Reached skill level 4 in Staves
  2904 | D:4      | Found a staircase to the Ecumenical Temple.
  2925 | Temple   | Entered the Ecumenical Temple
  3361 | D:5      | Entered Level 5 of the Dungeon
  3471 | D:5      | Reached skill level 5 in Armour
  3480 | D:5      | Reached skill level 5 in Staves
  3569 | D:5      | Found a shadowy altar of Dithmenos.
  3584 | D:5      | Reached skill level 5 in Fighting
  3584 | D:5      | Reached XP level 8. HP: 46/74 MP: 8/8
  3772 | D:5      | Reached skill level 6 in Staves
  3827 | D:5      | Noticed Blork the orc
  3836 | D:5      | Killed Blork the orc
  4266 | D:6      | Noticed a cyclops
  4286 | D:6      | Killed a cyclops
  4286 | D:6      | Reached skill level 7 in Staves
  4288 | D:6      | Found a stormy altar of Qazlal.
  4372 | D:6      | Noticed a troll
  4378 | D:6      | Killed a troll
  4378 | D:6      | Gained mutation: You passively map the area around you.
                  | [Deep Dwarf growth]
  4378 | D:6      | Reached XP level 9. HP: 82/82 MP: 8/8
  4418 | D:6      | Reached ***** piety under Trog
  4418 | D:6      | Reached skill level 8 in Staves
  4794 | D:7      | Noticed Harold
  4807 | D:7      | Noticed Harold
  4807 | D:7      | Harold changed into Harold the redback
  4810 | D:7      | Killed Harold the redback
  5354 | D:8      | Reached skill level 9 in Staves
  5376 | D:8      | Reached XP level 10. HP: 35/92 MP: 9/9
  5420 | D:8      | Noticed a two-headed hydra
  5440 | D:8      | Killed a two-headed hydra
  5473 | D:8      | Found Kaloem's Gadget Shop.
  5494 | D:8      | Found a shattered altar of Ashenzari.
  5628 | D:8      | Reached skill level 10 in Staves
  5810 | D:8      | Noticed Gastronok
  5849 | D:8      | Killed Gastronok
  6198 | D:9      | Reached skill level 11 in Staves
  6211 | D:9      | Found a burning altar of Makhleb.
  6211 | D:9      | Noticed a blizzard demon
  6398 | D:9      | Found Licouzix's Book Shop.
  6546 | D:9      | Reached XP level 11. HP: 82/100 MP: 9/9
  6570 | D:9      | Received a gift from Trog
  6687 | D:9      | Noticed a two-headed ogre
  6698 | D:9      | Killed a two-headed ogre
  7117 | D:10     | Entered Level 10 of the Dungeon
  7120 | D:10     | Noticed Fannar
  7164 | D:10     | Noticed Erica
  7176 | D:10     | Killed Fannar
  7176 | D:10     | Reached skill level 10 in Armour
  7191 | D:10     | Killed Erica
  7304 | D:10     | Noticed Urug
  7325 | D:10     | Killed Urug
  7325 | D:10     | Reached skill level 12 in Staves
  7346 | D:10     | Found a portal to a secret trove of treasure.
  7381 | D:10     | Found a deep blue altar of Sif Muna.
  8246 | D:11     | Noticed a green ugly thing
  8252 | D:11     | Reached XP level 12. HP: 68/112 MP: 9/9
  8298 | D:11     | Found a staircase to the Lair.
  8588 | D:11     | Noticed a two-headed ogre
  8619 | D:11     | Killed a two-headed ogre
  8627 | D:11     | Reached skill level 13 in Staves
  9056 | Lair:1   | Entered Level 1 of the Lair of Beasts
  9279 | Lair:1   | Found the +8 whip "Snakebite" {curare, rPois}
  9442 | Lair:1   | Noticed an eight-headed hydra
  9453 | Lair:1   | Killed an eight-headed hydra
  9474 | Lair:2   | Reached skill level 1 in Maces & Flails
  9813 | Lair:2   | Got a pitted dagger
  9857 | Lair:2   | Identified the +0 dagger "Newtslayer" {vamp, Dex+7} (You
                  | found it on level 2 of the Lair of Beasts)
  9941 | Lair:2   | Noticed a seven-headed hydra
  9943 | Lair:2   | Noticed a catoblepas
  9960 | Lair:2   | Noticed a death yak
  9981 | Lair:3   | Killed a catoblepas
  9981 | Lair:3   | Received a gift from Trog
 10004 | Lair:3   | HP: 4/116 [seven-headed hydra (5)]
 10004 | Lair:3   | Mangled by a seven-headed hydra

Skill      XL: |  1  2  3  4  5  6  7  8  9 10 11 12 |
---------------+-------------------------------------+-----
Fighting       | 3 4 5 6 7 8 9 |  9.9
Axes           | 4 |  4.4
Dodging        | 3 |  3.0
Armour         | 3 4 5 6 7 9 11 | 11.6
Staves         | 2 3 5 7 9 11 12 13 | 13.6
Maces & Flails | 3 |  3.5
Stealth        | |  0.6

Action                   |  1- 3 |  4- 6 |  7- 9 | 10-12 || total
-------------------------+-------+-------+-------+-------++-------
Melee: Hand axe          |   145 |       |       |       ||   145
       Quarterstaff      |       |   220 |   278 |   723 ||  1221
       Halberd           |       |       |     2 |       ||     2
       Whip              |       |       |       |   102 ||   102
       Great mace        |       |       |       |     2 ||     2
Invok: Trog's Hand       |       |     1 |     3 |    21 ||    25
       Berserk           |       |     1 |     3 |     3 ||     7
 Abil: Heal Wounds       |     2 |     1 |     3 |    13 ||    19
  Use: Scroll            |       |     9 |     8 |     1 ||    18
       Potion            |       |       |       |     1 ||     1
 Stab: Sleeping          |     3 |       |       |       ||     3
       Confused          |       |     1 |       |       ||     1
       Petrifying        |       |       |     1 |     3 ||     4
       Paralysed         |       |       |     1 |     3 ||     4
       Petrified         |       |       |       |     6 ||     6
  Eat: Chunk             |     2 |     6 |     9 |    19 ||    36
       Ration            |       |       |     1 |     6 ||     7
Armor: Animal skin       |    11 |       |       |       ||    11
       Scale mail        |    22 |   156 |       |       ||   178
       Chain mail        |       |    24 |   165 |   388 ||   577
Dodge: Dodged            |    82 |   195 |   144 |   262 ||   683
